AoeStats
← DUNCAN

Arabia

510452543Analyzed
3v3 RM · 2d ago on Oct 1, 2026· 40m 59s· 6 players
Game mode
Random Map
Map size
Normal (6 player)
Population
200
Speed
Normal
Resources
Standard
Victory
Conquest
Starting age
Dark Age
Ending age
Imperial Age
RankedLock teamsTeams togetherTeam positionsShared explorationLock speedFull tech treeHidden civsTurbo modeCheats
Victory
Defeat
🇨🇱 Ethiopians · Chile
950
+14
🇦🇷 Magyars · Argentina
915
+16
🇨🇳 Chinese · China
897
+15
🇦🇷 Spanish · Argentina
908
-42
🇦🇷 Mongols · Argentina
908
-42
🇦🇷 Teutons · Argentina
908
-42
DUNCAN
9:32 Feudal Age
13:13 Double-Bit Axe
13:59 Horse Collar
17:03 Bloodlines
22:39 Castle Age
23:33 Bow Saw
23:53 Heavy Plow
24:06 Gold Mining
24:08 Stone Mining
26:46 Fletching
27:48 Ballistics
30:50 Wheelbarrow
31:10 Loom
32:24 Bodkin Arrow
34:32 Hand Cart
34:02 Town Watch
35:14 Gold Shaft Mining
37:35 Town Patrol
40:14 Imperial Age
Necropulpectomía
0:27 Loom
2:31 Loom
11:02 Feudal Age
12:40 Wheelbarrow
12:25 Double-Bit Axe
13:00 Horse Collar
19:15 Castle Age
17:37 Gold Mining
18:22 Fletching
20:25 Bow Saw
20:28 Heavy Plow
20:13 Crossbowman
20:51 Bodkin Arrow
20:57 Padded Archer Armor
23:39 Thumb Ring
25:10 Hand Cart
26:35 Ballistics
26:56 Leather Archer Armor
33:56 Imperial Age
34:42 Onager
36:26 Chemistry
35:32 Siege Engineers
36:16 Bracer
36:42 Arbalester
38:08 Stone Mining
38:53 Gold Shaft Mining
40:37 Ring Archer Armor
cjf_1
12:59 Feudal Age
19:29 Castle Age
18:15 Double-Bit Axe
18:16 Horse Collar
21:54 Forging
22:03 Bow Saw
23:34 Scale Barding Armor
25:06 Wheelbarrow
27:57 Heavy Plow
28:26 Husbandry
32:36 Fletching
33:10 Crossbowman
36:29 Imperial Age
33:35 Elite Skirmisher
34:18 Padded Archer Armor
34:18 Gold Mining
35:29 Leather Archer Armor
35:38 Ballistics
35:15 Bodkin Arrow
37:29 Iron Casting
36:42 Capped Ram
36:58 Cavalier
38:18 Siege Ram
Alphonse
10:49 Feudal Age
13:03 Double-Bit Axe
13:11 Man-at-Arms
15:38 Forging
17:20 Arson
17:51 Scale Mail Armor
18:29 Fletching
20:22 Gold Mining
23:17 Wheelbarrow
24:59 Stone Mining
27:44 Castle Age
26:37 Bloodlines
30:59 Crossbowman
32:19 Bow Saw
35:22 Scale Barding Armor
40:01 Chain Mail Armor
jsu
10:11 Feudal Age
10:55 Double-Bit Axe
13:26 Horse Collar
20:13 Castle Age
19:46 Wheelbarrow
21:26 Fletching
24:16 Bow Saw
24:24 Bodkin Arrow
25:51 Hand Cart
25:44 Heavy Plow
25:38 Gold Mining
28:12 Stone Mining
31:41 Padded Archer Armor
37:15 Leather Archer Armor
39:55 Imperial Age
38:13 Ballistics
38:50 Gold Shaft Mining
42:17 Chemistry
Cacho12346098
5:40 Loom
10:05 Feudal Age
11:59 Double-Bit Axe
12:56 Horse Collar
16:22 Wheelbarrow
18:55 Bloodlines
23:14 Castle Age
24:02 Gold Mining
25:10 Husbandry
28:08 Forging
28:05 Scale Barding Armor
29:40 Hand Cart
Connection lost

Rejoining the realm…

Still unreachable

The connection could not be restored.

Session expired

The server has moved on; the page needs a fresh start.